 Dungeon Crawl Stone Soup version 0.20.1-1-g8b1a95d (webtiles) character file.

1219 seb29deBrest the Chopper (level 8, -10/63 HPs)
             Began as a Demonspawn Monk on Nov 15, 2017.
             Was a Believer of Makhleb.
             Killed by divine providence
             ... invoked by an orc priest
              (15 damage)
             ... on level 5 of the Dungeon.
             The game lasted 00:25:02 (5081 turns).

seb29deBrest the Chopper (Demonspawn Monk)          Turns: 5081, Time: 00:25:02

Health: -10/63     AC: 10    Str: 16    XL:     8   Next: 23%
Magic:  0/9        EV:  8    Int: 12    God:    Makhleb [**....]
Gold:   325        SH:  4    Dex: 15    Spells: 7/7 levels left

rFire    . . .     SeeInvis .   a - +0 hand axe
rCold    + . .     Gourm    .   e - +0 buckler
rNeg     . . .     Faith    .   j - +0 chain mail
rPois    .         Spirit   +   (helmet restricted)
rElec    .         Reflect  .   (no cloak)
rCorr    .         Harm     .   (no gloves)
MR       .....                  (no boots)
Stlth    ..........             (no amulet)
Regen    0.2/turn               (no ring)
MPRegen  0.3/turn               (no ring)

@: no status effects
A: horns 2, rugged brown scales 1, cold resistance 1, strong 1, magic shield,
magic regeneration, magic link
a: Minor Destruction, Renounce Religion


You were on level 5 of the Dungeon.
You worshipped Makhleb.
Makhleb was pleased with you.
You were not hungry.

You visited 1 branch of the dungeon, and saw 5 of its levels.

You collected 325 gold pieces.

Inventory:

Hand Weapons
 a - a +0 hand axe (weapon)
 y - a +0 whip of electrocution
Armour
 b - a +0 robe
 e - a +0 buckler (worn)
 j - a +0 chain mail (worn)
Wands
 p - a wand of confusion (1/48)
 x - a wand of digging (10/24)
Scrolls
 d - a scroll of noise {unknown}
 f - a scroll of magic mapping
 g - a scroll of torment {unknown}
 h - a scroll of enchant weapon {unknown}
 l - 4 scrolls of remove curse
 v - a scroll of recharging {unknown}
 w - a scroll of teleportation
 z - a scroll of enchant armour {unknown}
Potions
 n - 2 potions of curing
 o - a potion of flight {unknown}
 q - a potion of magic {unknown}
 r - a potion of lignification {unknown}
Comestibles
 c - 6 bread rations
 k - a meat ration
 s - 2 royal jellies
 t - a fruit


   Skills:
 + Level 5.0 Fighting
 + Level 6.1 Axes
 + Level 3.7 Armour
 + Level 3.7 Dodging
 + Level 2.3 Stealth
 + Level 2.4 Shields
 + Level 2.4 Invocations
 + Level 0.4 Evocations


You had 7 spell levels left.
You didn't know any spells.

Dungeon Overview and Level Annotations

Branches:
Dungeon (5/15)
 Temple: D:4-7

Altars:
Ashenzari
Kikubaaqudgha
Makhleb
Sif Muna
Xom

Annotations:
D:3 1 transporter, othur's ghost, amateur GrBe


Innate Abilities, Weirdness & Mutations

You have a pair of horns on your head.
You are partially covered in rugged brown scales. (AC +1, +3% HP)
Your flesh is cold resistant. (rC+)
When hurt, damage is shared between your health and your magic reserves.
You regenerate magic rapidly.
When low on magic, you restore magic in place of health.
Your muscles are strong. (Str +2)


Message History

The puff of flame hits the orc warrior.
The orc warrior appears unharmed.
The orc warrior is lightly wounded.
The orc warrior hits you with a scimitar!
* * * LOW HITPOINT WARNING * * *
Press: ? - help, Shift-Dir - straight line, f/p - orc warrior
Aim: an orc warrior, wielding a scimitar and wearing a plate armour (lightly wounded)
The glob of acid hits the orc warrior.
The orc warrior appears unharmed.
The orc warrior is lightly wounded.
The orc warrior is splashed with acid.
The acid corrodes the orc warrior!
The orc warrior hits you with a scimitar!
* * * LOW HITPOINT WARNING * * *
You closely miss the orc warrior. You headbutt the orc warrior.
The orc warrior is heavily wounded.
The orc warrior closely misses you.
You hit the orc warrior.
You headbutt the orc warrior, but do no damage.
The orc warrior is heavily wounded.
The orc priest invokes the aid of Beogh against you.
Beogh smites you!
You die...

#.####.#.##) #>#
#.#.).† #.# #.###o#
#####.####.# #)#
#..........###.#
#.###.###..#....
#..†....#.......
##############.######
#...@oo.............#
#.############.####.#
#.# #.# #.# #.#
#.####†# #.# #......#
##.###################
#.....................
######################
#


You could see an orc warrior and an orc priest.

Vanquished Creatures
  Sigmund (D:5)
  Menkaure (D:5)
  2 ogres (D:5)
  A centaur (D:5)
  A bullfrog (D:3)
  A howler monkey (D:5)
  2 crimson imps (D:5)
  2 hounds
  2 jellies (D:5)
  4 orc priests (D:5)
  2 orc wizards (D:5)
  Natasha (D:3)
  A worker ant (D:5)
  A hound zombie (D:5)
  7 adders
  An ooze (D:1)
  An adder skeleton (D:5)
  A worm (D:4)
  2 dart slugs (D:1)
  2 leopard geckos (D:2)
  10 orcs
  A ball python (D:3)
  8 bats
  5 giant cockroaches
  10 goblins
  7 hobgoblins
  6 jackals (D:1)
  3 quokkas
  A frilled lizard (D:1)
  A jackal skeleton (D:5)
  3 kobolds
  5 rats
96 creatures vanquished.

Notes
Turn   | Place    | Note
-------+----------+-------------------------------------------
     0 | D:1      | seb29deBrest the Demonspawn Monk began the quest for the Orb.
     0 | D:1      | Reached XP level 1. HP: 18/18 MP: 1/1
   235 | D:1      | Gained mutation: You have a pair of small horns on your head. [demonic ancestry]
   235 | D:1      | Reached XP level 2. HP: 12/24 MP: 2/2
   472 | D:1      | Reached skill level 3 in Axes
   862 | D:1      | Gained mutation: You are partially covered in rugged brown scales. (AC +1, +3% HP) [demonic ancestry]
   862 | D:1      | Reached XP level 3. HP: 24/29 MP: 3/3
  1658 | D:2      | Found a burning altar of Makhleb.
  1670 | D:2      | Gained mutation: When hurt, damage is shared between your health and your magic reserves. [demonic ancestry]
  1670 | D:2      | Reached XP level 4. HP: 32/38 MP: 4/4
  1677 | D:2      | Became a worshipper of Makhleb the Destroyer
  1677 | D:2      | Reached * piety under Makhleb
  1677 | D:2      | Reached ** piety under Makhleb
  2038 | D:2      | Found an ancient bone altar of Kikubaaqudgha.
  2039 | D:2      | Found a deep blue altar of Sif Muna.
  2224 | D:3      | Noticed a bullfrog
  2230 | D:3      | Noticed othur's ghost (amateur GrBe)
  2233 | D:3      | Found a transporter.
  2233 | D:3      | Found a shattered altar of Ashenzari.
  2233 | D:3      | Found a transporter.
  2466 | D:3      | Gained mutation: Your magical capacity is low. (-10% MP) [potion of mutation]
  2466 | D:3      | Gained mutation: You are frail. (-10% HP) [potion of mutation]
  2466 | D:3      | Lost mutation: You are frail. (-10% HP) [potion of mutation]
  2466 | D:3      | Gained mutation: You are agile. (Dex +2) [potion of mutation]
  2584 | D:3      | Lost mutation: Your magical capacity is low. (-10% MP) [potion of mutation]
  2584 | D:3      | Lost mutation: You are agile. (Dex +2) [potion of mutation]
  2584 | D:3      | Gained mutation: Your muscles are strong. (Str +2) [potion of mutation]
  2584 | D:3      | Gained mutation: You have a pair of horns on your head. [potion of mutation]
  2652 | D:3      | Killed a bullfrog
  2652 | D:3      | Reached skill level 1 in Armour
  2652 | D:3      | Reached skill level 1 in Shields
  2652 | D:3      | Reached skill level 1 in Invocations
  2652 | D:3      | Gained mutation: You regenerate magic rapidly. [demonic ancestry]
  2652 | D:3      | Reached XP level 5. HP: 41/43 MP: 5/5
  2947 | D:4      | Noticed Natasha
  2967 | D:3      | Killed Natasha
  3008 | D:3      | Reached skill level 4 in Axes
  3507 | D:5      | Entered Level 5 of the Dungeon
  3521 | D:5      | Gained mutation: Your flesh is cold resistant. (rC+) [demonic ancestry]
  3521 | D:5      | Reached XP level 6. HP: 29/49 MP: 3/6
  3998 | D:5      | Gained mutation: When low on magic, you restore magic in place of health. [demonic ancestry]
  3998 | D:5      | Reached XP level 7. HP: 40/55 MP: 5/8
  4178 | D:5      | Noticed Sigmund
  4193 | D:5      | Killed Sigmund
  4193 | D:5      | Reached skill level 5 in Axes
  4479 | D:5      | Noticed Menkaure
  4482 | D:5      | Killed Menkaure
  4502 | D:5      | Found a shimmering altar of Xom.
  4720 | D:5      | Reached XP level 8. HP: 62/62 MP: 9/9
  4781 | D:5      | Reached skill level 5 in Fighting
  4781 | D:5      | Reached skill level 6 in Axes
  5074 | D:5      | HP: 2/63 [orc priest/divine providence (7)]
  5081 | D:5      | Killed from afar by an orc priest

Skill      XL: |  1  2  3  4  5  6  7  8 |
---------------+-------------------------+-----
Axes           | 3 4 5 6 |  6.1
Dodging        | 3 |  3.7
Fighting       | 4 5 |  5.0
Armour         | 1 2 3 |  3.7
Shields        | 1 2 |  2.4
Invocations    | 1 2 |  2.4
Stealth        | 2 |  2.3
Evocations     | |  0.4

Action                   |  1- 3 |  4- 6 |  7- 9 || total
-------------------------+-------+-------+-------++-------
Melee: Hand axe          |   116 |   183 |   112 ||   411
       Headbutt          |    15 |    38 |    25 ||    78
Invok: Minor Destruction |       |     4 |    13 ||    17
Evoke: Wand              |       |     2 |       ||     2
  Use: Scroll            |       |     6 |     1 ||     7
       Potion            |       |     4 |     3 ||     7
 Stab: Sleeping          |     3 |       |       ||     3
  Eat: Meat ration       |     1 |     1 |     1 ||     3
Armor: Robe              |    23 |       |       ||    23
       Chain mail        |    22 |   131 |    50 ||   203
Dodge: Dodged            |    71 |    47 |    34 ||   152
Block: Buckler           |    14 |    38 |    16 ||    68
